 Dungeon Crawl Stone Soup version 0.28-a0-445-g51f8dfeb47 (webtiles) character file.

Game seed: 1295644985350306499

226 Dabor the Skirmisher (level 5, -4/42 HPs)
             Began as a Demonspawn Monk on Sept 13, 2021.
             Was a Priest of Trog.
             Killed from afar by an orc wizard (5 damage)
             ... with a magic dart
             ... on level 3 of the Dungeon.
             The game lasted 00:13:06 (3699 turns).

Dabor the Skirmisher (Demonspawn Monk)              Turns: 3699, Time: 00:13:06

Health: -4/42      AC:  5    Str: 11    XL:     5   Next: 69%
Magic:  5/5        EV: 12    Int: 12    God:    Trog [***...]
Gold:   76         SH:  4    Dex: 16    Spells: 4/4 levels left

rFire   . . .      SeeInvis .   o - +1 mace (protect)
rCold   . . .      Faith    +   (no shield)
rNeg    . . .      Spirit   .   k - +0 ring mail
rPois   .          Reflect  .   (no helmet)
rElec   .          Harm     .   (no cloak)
rCorr   .          Rampage  .   (no gloves)
Will    ++...                   (no boots)
Stlth   ++........              h - amulet of faith
HPRegen 1.14/turn               (no ring)
MPRegen 0.18/turn               (no ring)

@: strong-willed (expiring), on berserk cooldown, regenerating (expiring),
slowed, very slow
A: large bone plates 1, ignite blood 1, magic regeneration
a: Renounce Religion, Berserk, Trog's Hand


You were on level 3 of the Dungeon.
You worshipped Trog.
Trog was most pleased with you.
You visited 1 branch of the dungeon, and saw 3 of its levels.

You collected 76 gold pieces.

Inventory:

Hand Weapons
 m - a +0 short sword of venom
 o - a +1 mace of protection (weapon)
Missiles
 g - 4 boomerangs (quivered)
Armour
 a - a +0 robe
 d - a +0 leather armour
 k - a +0 ring mail (worn)
Jewellery
 h - an amulet of faith (around neck)
Wands
 p - a wand of acid (10)
Scrolls
 b - a scroll of blinking {unknown}
 e - 2 scrolls of enchant weapon {unknown}
 f - 2 scrolls of magic mapping {unknown}
 j - a scroll of amnesia {unknown}
 l - a scroll of identify {unknown}
 n - a scroll of fog {unknown}
Potions
 c - a potion of heal wounds {unknown}
 i - a potion of curing {unknown}


   Skills:
 + Level 4.2 Fighting
 + Level 2.0 Armour
 + Level 3.9 Dodging
 - Level 2.5 Stealth
 - Level 3.1 Unarmed Combat


You had 4 spell levels left.
You didn't know any spells.
Your spell library was empty.

Dungeon Overview and Level Annotations

Branches:
Dungeon (3/15)

Altars:
Trog

Shops:
D:2 [


Innate Abilities, Weirdness & Mutations

You are partially covered in large bone plates. (SH +4)
Your demonic aura sometimes causes spilled blood to erupt in flames.
You regenerate magic rapidly.


Message History

You sock the orc!
You kill the orc!
Trog accepts your kill.
The orc priest begins to cast a cantrip, but forgets the words!
You feel a strong urge to attack something.
You are no longer berserk.
You are exhausted.
You feel yourself slow down.
Your skin crawls.
You feel strong-willed.
The orc priest miscasts a cantrip.
You hit the orc priest.
Your weapon exudes an aura of protection.
The orc priest is lightly wounded.
The orc priest looks braver for a moment.
The orc wizard casts a spell at you.
The magic dart hits you but does no damage.
You sock the orc priest!
The orc priest is heavily wounded.
The orc priest is engulfed in blazing flames.
You kill the orc priest!
Trog accepts your kill.
The orc wizard casts a spell.
The orc wizard flickers and vanishes!
Deactivating autopickup; reactivate with Ctrl-A.
You hear some strange, mumbled words.
Something tries to affect you, but you resist.
Your Armour skill increases to level 2!
The orc priest invokes the aid of Beogh against you.
Beogh smites you!
* * * LOW HITPOINT WARNING * * *
You feel the effects of Trog's Hand fading.
Something hits you but does no damage.
The orc priest calls down the wrath of Beogh upon you.
Beogh smites you!
* * * LOW HITPOINT WARNING * * *
You hear some strange, mumbled words.
A magic dart appears from out of thin air!
The magic dart hits you.
You die...

# #....#...........#.....#
#####....#.#'###.....#.....#
...##....#.#)# #.....#.....#
.#.###.#.#.#.# #.....####.##
.#..####.#.#.# #.....# #.# ####
.#.#.##..#.#.###.....# #.# #...
.#.#.##.....o.###########.# #...
.#.##.#........###......#.####...
.#.##.##..#....{@.....#..........
.'.'......#.#.......#.#..########
.#.##.##..#.#.#...#.#.#..#
.#.##.##..#.#.#.#.#.#.#..#
)#.#.###..#.#.#.#.#.#.#..# .#.#.#
#..#.#.#...#.#.#..# .#..##
#..#.#.......#.#..# .#.##
#..#...........#.## ...#
#.......###......#


You could see an orc priest.

Vanquished Creatures
  An ice beast (D:3)
  An orc priest (D:3)
  4 adders
  A worm (D:2)
  A dart slug (D:2)
  5 orcs (D:3)
  8 ball pythons
  3 endoplasms
  7 goblins
  6 hobgoblins
  5 quokkas
  7 bats
  2 frilled lizards
  2 kobolds (D:3)
  5 rats
58 creatures vanquished.

Notes
Turn   | Place    | Note
-------+----------+-------------------------------------------
     0 | D:1      | Dabor the Demonspawn Monk began the quest for the Orb.
     0 | D:1      | Reached XP level 1. HP: 18/18 MP: 1/1
   255 | D:1      | Gained mutation: You are partially covered in large bone
                  | plates. (SH +4) [demonic ancestry]
   255 | D:1      | Reached XP level 2. HP: 5/24 MP: 2/2
   842 | D:1      | Found a faded altar of an unknown god.
   861 | D:1      | Became a worshipper of Trog the Wrathful
   861 | D:1      | Reached * piety under Trog
   861 | D:1      | Reached ** piety under Trog
  1548 | D:2      | Reached XP level 3. HP: 19/29 MP: 3/3
  1762 | D:2      | You fall into a shaft and drop 1 floor!
  1774 | D:3      | Noticed an ice beast
  1879 | D:2      | Reached *** piety under Trog
  1881 | D:2      | Found Ehes's Armour Boutique.
  2612 | D:2      | Gained mutation: You regenerate magic rapidly. [demonic
                  | ancestry]
  2612 | D:2      | Reached XP level 4. HP: 29/35 MP: 4/4
  3454 | D:3      | Reached skill level 1 in Armour
  3688 | D:3      | Killed an ice beast
  3689 | D:3      | Reached skill level 4 in Fighting
  3689 | D:3      | Gained mutation: Your demonic aura sometimes causes spilled
                  | blood to erupt in flames. [demonic ancestry]
  3689 | D:3      | Reached XP level 5. HP: 19/42 MP: 5/5
  3699 | D:3      | HP: 1/42 [orc priest/divine providence (15)]
  3699 | D:3      | Killed from afar by an orc wizard

Illustrated notes

Levels and vault maps discovered:
D:1:      amcnicky_arrival_flooded_fountain, layout_basic,
          shapermc_ecumenical_altar_venn, palyth_stone_intersect,
          corner_web_ring, chequers_serial_rivers_small_3, st_stairs_13,
          hangedman_decor_push, hex_tiny
D:2:      layout_basic, serial_shops, nicolae_square_shop, hex_intersection
D:3:      layout_basic, minmay_misc_feat_chi, minmay_misc_feat_pillars,
          interstate_on_off, minmay_misc_feat_more_columns,
          hangedman_decor_clover_reticule, guppyfry_early_orc_mine

Skill      XL: |  1  2  3  4  5 |
---------------+----------------+-----
Stealth        | 2 |  2.5
Unarmed Combat | 3 |  3.1
Dodging        | 3 |  3.9
Armour         | 1 2 |  2.0
Fighting       | 4 |  4.2

Action                   |  1- 3 |  4- 6 || total
-------------------------+-------+-------++-------
Melee: Unarmed           |   168 |    55 ||   223
       Punch             |     2 |     2 ||     4
       Mace              |       |    24 ||    24
Invok: Berserk           |     3 |     2 ||     5
       Trog's Hand       |     2 |     2 ||     4
 Stab: Sleeping          |     9 |       ||     9
Armor: Robe              |    10 |       ||    10
       Leather armour    |    15 |       ||    15
       Ring mail         |    14 |    20 ||    34
Dodge: Dodged            |   104 |    35 ||   139
Block: Other             |    21 |     6 ||    27

Table legend: (Time is in decaauts)
 A = Elapsed time spent in this place.
 B = Non-inter-level travel time spent in this place.
 C = Inter-level travel time spent in this place.
 D = Time resting spent in this place.
 E = Time spent auto-exploring this place.
 F = Levels seen in this place.
 G = Mean time per level.
                   A        B        C        D        E       F      G
               +--------+--------+--------+--------+--------+-----+--------+
         Total |   3736 |   3700 |     36 |    640 |   1896 |   3 | 1245.3 |
       Dungeon |   3736 |   3700 |     36 |    640 |   1896 |   3 | 1245.3 |
               +--------+--------+--------+--------+--------+-----+--------+

Top non-repeatable levels by time:
     D:1: 1541 daAuts
     D:2: 1244 daAuts
     D:3: 950 daAuts
